 Dungeon Crawl Stone Soup version 0.30-a0-1008-g30c9307041 (webtiles) character file.

Game seed: 710777894594063190

137 BigDaddyOpFi the Trooper (level 5, 0/47 HPs)
             Began as a Hill Orc Fighter on Apr 5, 2023.
             Slain by a gnoll
             ... wielding a +0 halberd
              (10 damage)
             ... on level 3 of the Dungeon.
             The game lasted 00:01:54 (1750 turns).

BigDaddyOpFi the Trooper (Hill Orc Fighter)         Turns: 1750, Time: 00:01:55

Health: 0/47       AC:  7    Str: 21    XL:     5   Next: 20%
Magic:  5/5        EV:  6    Int:  8    God:
Gold:   153        SH: 12    Dex: 10    Spells: 4/4 levels left

rFire   + . .      SeeInvis .    a - +0 war axe
rCold   x . .      Faith    .    g - +0 tower shield
rNeg    . . .      Spirit   .    b - +0 scale mail
rPois   .          Reflect  .    (no helmet)
rElec   .          Rampage  .    (no cloak)
rCorr   .                        (no gloves)
Will    .....                    (no boots) Stlth
                                 (no amulet)
HPRegen 0.27/turn                j - ring of fire
MPRegen 0.09/turn                (no ring)

@: mighty
A: no striking features
a: no special abilities


You were on level 3 of the Dungeon.
You visited 1 branch of the dungeon, and saw 3 of its levels.

You collected 153 gold pieces.

Inventory:

Hand Weapons
 a - a +0 war axe (weapon)
Armour
 b - a +0 scale mail (worn)
 g - a +0 tower shield (worn)
Jewellery
 j - a ring of fire (left hand)
Wands
 h - a wand of digging (7)
Scrolls
 e - 6 scrolls of identify
 i - a scroll of fear {unknown}
Potions
 c - a potion of mutation {unknown}
 f - a potion of resistance


   Skills:
 + Level 4.8 Fighting
 + Level 4.1 Axes
 + Level 4.2 Armour
 + Level 4.1 Shields


You had 4 spell levels left.
You didn't know any spells.
Your spell library contained the following spells:

 Spells                   Type           Power      Damage    Failure   Level
 Ensorcelled Hibernation  Hex/Ice        0%         N/A       100%        2
 Ignite Poison            Fire/Tmut/Pois 0%         N/A       100%        3
 Spider Form              Tmut/Pois      0%         N/A       100%        3
 Anguish                  Hex/Necr       0%         N/A       100%        4
 Sticky Flame             Conj/Fire      0%         2d3       100%        4
 Ignition                 Fire           0%         3d3       100%        8


Dungeon Overview and Level Annotations

Branches:
Dungeon (3/15)

Altars:


Message History

You hit the goblin.
You kill the goblin!
A gnoll is nearby!
A gnoll comes into view.
It is wielding a +1 flail of holy wrath.
The gnoll shouts!
A gnoll comes into view. It is wielding a +0 halberd.
There are monsters nearby!
The gnoll shouts!
The gnoll hits you with a +0 halberd.
You closely miss the gnoll. You block the gnoll's attack.
You hit the gnoll but do no damage. The gnoll closely misses you.
You barely miss the gnoll. The gnoll closely misses you.
The gnoll hits you from afar with a +0 halberd.
You block the gnoll's attack.
You barely miss the gnoll. The gnoll closely misses you.
You slash the gnoll!
The gnoll is severely wounded.
The gnoll hits you with a +1 flail of holy wrath.
The gnoll hits you but does no damage.
The gnoll hits you with a +1 flail of holy wrath.
You block the gnoll's attack.
You slash the gnoll!
You kill the gnoll!
You block the gnoll's attack. The gnoll completely misses you.
Found a stone staircase leading down.
The gnoll hits you with a +0 halberd! The gnoll barely misses you.
You are too injured to fight recklessly!
You are too injured to fight recklessly!
You are too injured to fight recklessly!
You feel very mighty all of a sudden. You block the gnoll's attack.
The gnoll barely misses you.
You closely miss the gnoll. You block the gnoll's attack.
The gnoll closely misses you.
You barely miss the gnoll. You block the gnoll's attack. x2
The gnoll barely misses you.
The gnoll hits you from afar with a +0 halberd!
* * * LOW HITPOINT WARNING * * *
You barely miss the gnoll. You block the gnoll's attack. x3
The gnoll hits you from afar with a +0 halberd!
You die...

#<# . ....
#.#####...
..).
#####........#
####
#...#........#
#
#..)#........#
#
#............#
#
#...#........#
#
#.).#........#
#
#..@#.#..##..#
# ##g##.#..#
..# # #.g
....## #...
##... #... . .
#... #... #.>.


You could see 2 gnolls.

Vanquished Creatures
  4 adders
  A gnoll (D:3)
  A worm (D:3)
  3 dart slugs
  An orc (D:3)
  6 ball pythons
  10 endoplasms
  6 giant cockroaches
  7 goblins
  5 hobgoblins
  6 jackals
  4 kobolds
  A quokka (D:2)
  8 bats
  4 frilled lizards
  7 rats
74 creatures vanquished.

Notes
Turn   | Place    | Note
-------+----------+-------------------------------------------
     0 | D:1      | BigDaddyOpFi the Hill Orc Fighter began the quest for the
                  | Orb.
     0 | D:1      | Reached XP level 1. HP: 19/19 MP: 1/1
    76 | D:1      | Reached XP level 2. HP: 24/27 MP: 2/2
   325 | D:1      | Reached XP level 3. HP: 33/33 MP: 3/3
   929 | D:2      | Reached XP level 4. HP: 39/41 MP: 4/4
  1604 | D:3      | Reached XP level 5. HP: 44/47 MP: 5/5
  1750 | D:3      | Slain by a gnoll

Illustrated notes

Levels and vault maps discovered:
D:1:      minmay_arrival_up_and_down, layout_rooms,
          chequers_serial_rivers_micro_a, minmay_splitting_lines, minivault_19,
          minmay_unequal
D:2:      layout_loops_ring
D:3:      layout_rooms, mainiacjoe_overflow_alcove_4, chequers_jeans,
          amcnicky_mini_pool_small

Skill      XL: |  1  2  3  4 |
---------------+-------------+-----
Axes           | 3 4 |  4.1
Fighting       | 4 |  4.8
Armour         | 4 |  4.2
Shields        | 4 |  4.1

Action                     |  1- 3 |  4- 6 || total
---------------------------+-------+-------++-------
  Melee: War axe           |   109 |    98 ||   207
    Use: Scroll            |     1 |       ||     1
         Potion            |       |     1 ||     1
 Armour: Scale mail        |    64 |    45 ||   109
  Dodge: Dodged            |    61 |    26 ||    87
  Block: Buckler           |    12 |       ||    12
         Tower shield      |     6 |    79 ||    85

Table legend: (Time is in decaauts)
 A = Elapsed time spent in this place.
 B = Non-inter-level travel time spent in this place.
 C = Inter-level travel time spent in this place.
 D = Time resting spent in this place.
 E = Time spent auto-exploring this place.
 F = Levels seen in this place.
 G = Mean time per level.
                   A        B        C        D        E       F      G
               +--------+--------+--------+--------+--------+-----+--------+
         Total |   1863 |   1795 |     68 |      0 |   1276 |   3 |  621.0 |
       Dungeon |   1863 |   1795 |     68 |      0 |   1276 |   3 |  621.0 |
               +--------+--------+--------+--------+--------+-----+--------+

Top non-repeatable levels by time:
     D:1: 833 daAuts
     D:2: 762 daAuts
     D:3: 267 daAuts
